 Dungeon Crawl Stone Soup version 0.21-a0-84-g85d6d27 (webtiles) character file.

5770 nikopol the Cleaver (level 10, -1/90 HPs)
             Began as a Minotaur Berserker on June 24, 2017.
             Was an Elder of Trog.
             Slain by a two-headed ogre
             ... wielding a +0 giant spiked club
              (8 damage)
             ... on level 8 of the Dungeon.
             The game lasted 00:20:29 (7869 turns).

nikopol the Cleaver (Minotaur Berserker)            Turns: 7869, Time: 00:20:29

Health: -1/90      AC: 14    Str: 25    XL:     10   Next: 49%
Magic:  9/9        EV: 11    Int:  4    God:    Trog [****..]
Gold:   517        SH:  0    Dex: 12    Spells: 9/9 levels left

rFire    . . .     SeeInvis +   a - +0 war axe
rCold    . . .     Gourm    .   (no shield)
rNeg     . . .     Faith    .   H - +0 chain mail
rPois    .         Spirit   .   g - +2 hat
rElec    .         Reflect  .   b - +0 cloak
rCorr    .         Harm     .   (no gloves)
MR       .....                  (no boots)
Stlth    ..........             (no amulet)
HPRegen  0.25/turn              x - +2 ring of strength
MPRegen  0.11/turn              q - ring of see invisible

@: lethally poisoned (-1 -> -3), berserk cooldown, slowed, very slow
A: retaliatory headbutt, horns 2
a: Berserk, Trog's Hand, Brothers in Arms, Burn Spellbooks, Renounce Religion


You were on level 8 of the Dungeon.
You worshipped Trog.
Trog was greatly pleased with you.
You were very hungry.

You visited 1 branch of the dungeon, and saw 8 of its levels.

You collected 517 gold pieces.

Inventory:

Hand Weapons
 a - a +0 war axe (weapon)
 z - a +0 shortbow
 D - a +1 flail of protection
Missiles
 e - 191 arrows (quivered)
Armour
 b - a +0 cloak (worn)
 g - a +2 hat (worn)
 H - a +0 chain mail (worn)
 P - a +1 ring mail of cold resistance
Jewellery
 p - an uncursed ring of flight
 q - a ring of see invisible (right hand)
 x - a +2 ring of strength (left hand)
Wands
 n - a wand of flame (30/48)
 y - a wand of lightning (3/15)
 F - a wand of paralysis (13/24)
Scrolls
 d - 2 scrolls of blinking {unknown}
 j - 3 scrolls of magic mapping {unknown}
 l - 3 scrolls of enchant armour {unknown}
 m - 2 scrolls of fog {unknown}
 o - a scroll of identify
 r - 3 scrolls of random uselessness {unknown}
 t - 4 scrolls of remove curse
 v - 2 scrolls of amnesia {unknown}
 w - a scroll of summoning {unknown}
 E - 3 scrolls of teleportation {unknown}
 L - 2 scrolls of immolation {unknown}
Potions
 i - 7 potions of curing
 k - a potion of magic {unknown}
 s - a potion of heal wounds {unknown}
 u - a potion of flight {unknown}
 A - 3 potions of haste
 B - 3 potions of brilliance
Comestibles
 c - 15 bread rations
 f - 4 royal jellies
 h - 4 meat rations


   Skills:
 + Level 8.8 Fighting
 + Level 11.1 Axes
 + Level 7.5 Bows
 + Level 9.3 Armour
 + Level 4.9 Dodging
 + Level 2.0 Stealth


You had 9 spell levels left.
You didn't know any spells.

Dungeon Overview and Level Annotations

Branches:
Dungeon (8/15)             Temple (0/1) D:4
   Lair: D:8-11

Altars:
Ashenzari
Elyvilon
Fedhas
Hepliaklqana
Makhleb
Sif Muna
Trog
Vehumet
Wu Jian
Xom


Innate Abilities, Weirdness & Mutations

You reflexively headbutt those who attack you in melee.
You have a pair of horns on your head.


Message History

You see here a hornet corpse.
You feel a strong urge to attack something.
You feel sick.
Found a stone staircase leading down.
You are no longer berserk.
You are exhausted.
You feel yourself slow down. The two-headed ogre misses you.
The two-headed ogre barely misses you.
You feel sick.
Your ogre goes berserk!
You are feeling very hungry.
You feel sick.
The two-headed ogre hits you with a giant spiked club!!
* * * LOW HITPOINT WARNING * * *
The two-headed ogre hits you with a giant spiked club.
* * * LOW HITPOINT WARNING * * *
You feel sick.
Your ogre hits the two-headed ogre with a giant spiked club!!
The two-headed ogre hits you with a giant spiked club!
You die...

###### #....## #..... .#
### #..#.# .# ..# #...$#
#.# ..# #####...# ###.#
..#
#.......######...########
.##
#.####...#....(..##....#.
.# ##.OO@#.##....##.##.†.
.# #........#....##..#.##
.#
.....#.######...##..#.#
##
##.......>......#...#.#
#..#.#).####...#.###.#
#.##. .. #..)#.# #.#
###########. .. >.
#.....# #... >........#
### #...### ..#.
.....)...# ##### #.


You could see a two-headed ogre and a friendly ogre (berserk).

Vanquished Creatures
  2 two-headed ogres (D:8)
  Pikel (D:5)
  Psyche (D:8)
  The ghost of Goblin1989 the Covert, a novice SpAs (D:5)
  A hornet (D:8)
  Grinder (D:3)
  A spriggan (D:7)
  Eustachio (D:5)
  Edmund (D:5)
  Duvessa (D:5)
  An ice beast (D:7)
  An orc warrior (D:7)
  3 sky beasts
  4 slaves (D:5)
  A phantom (D:5)
  A black bear (D:6)
  3 ogres
  4 centaurs
  A bullfrog (D:7)
  Dowan (D:5)
  2 scorpions
  2 crimson imps
  A centaur zombie (D:8)
  A jelly (D:5)
  3 hounds
  2 orc priests
  Crazy Yiuf (D:7)
  Jessica (D:3)
  Ijyb (D:5)
  4 iguanas
  5 orc wizards
  9 worker ants
  A hound zombie (D:7)
  2 hound skeletons
  Robin (D:3)
  9 adders
  2 shadow imps (D:5)
  2 oozes
  2 adder zombies
  An adder skeleton (D:5)
  3 worms
  2 dart slugs (D:1)
  4 leopard geckos
  24 orcs
  5 bats
  3 giant cockroaches
  16 goblins
  7 hobgoblins
  2 jackals (D:1)
  4 quokkas
  3 frilled lizards
  A giant cockroach zombie (D:4)
  9 kobolds
  A leopard gecko skeleton (D:5)
  A leopard gecko zombie (D:7)
  7 rats
175 creatures vanquished.

Notes
Turn   | Place    | Note
-------+----------+-------------------------------------------
     0 | D:1      | nikopol the Minotaur Berserker began the quest for the Orb.
     0 | D:1      | Reached XP level 1. HP: 19/19 MP: 0/0
    97 | D:1      | Reached XP level 2. HP: 17/27 MP: 1/1
   546 | D:1      | Reached skill level 4 in Axes
   709 | D:1      | Reached XP level 3. HP: 34/34 MP: 2/2
   758 | D:2      | Found a burning altar of Makhleb.
   918 | D:2      | Reached XP level 4. HP: 39/41 MP: 3/3
  1403 | D:2      | Reached ** piety under Trog
  1647 | D:3      | Reached skill level 5 in Axes
  1706 | D:3      | Reached skill level 5 in Fighting
  1707 | D:3      | Reached XP level 5. HP: 31/48 MP: 4/4
  2081 | D:3      | Noticed Robin
  2097 | D:3      | Killed Robin
  2097 | D:3      | Reached *** piety under Trog
  2217 | D:3      | Noticed Jessica
  2226 | D:3      | Killed Jessica
  2299 | D:3      | Noticed Grinder
  2309 | D:3      | Killed Grinder
  2309 | D:3      | Reached skill level 6 in Axes
  2309 | D:3      | Reached XP level 6. HP: 32/56 MP: 5/5
  2503 | D:3      | Found a shattered altar of Ashenzari.
  2504 | D:3      | Found a hazy altar of Hepliaklqana.
  2504 | D:3      | Found a bloodstained altar of Trog.
  2504 | D:3      | Found an ornate altar of the Wu Jian Council.
  2799 | D:4      | Reached skill level 1 in Stealth
  2820 | D:4      | Found a staircase to the Ecumenical Temple.
  2833 | D:4      | Reached skill level 7 in Axes
  2888 | D:4      | Reached XP level 7. HP: 47/61 MP: 6/6
  3260 | D:5      | Entered Level 5 of the Dungeon
  3260 | D:5      | Noticed Ijyb
  3265 | D:5      | Noticed Eustachio
  3268 | D:5      | Killed Ijyb
  3464 | D:5      | Killed Eustachio
  3469 | D:5      | Noticed Goblin1989's ghost (novice SpAs)
  3544 | D:5      | Killed Goblin1989's ghost
  3544 | D:5      | Reached skill level 8 in Axes
  3544 | D:5      | Reached skill level 5 in Armour
  3544 | D:5      | Reached XP level 8. HP: 71/71 MP: 7/7
  3729 | D:5      | Found a white marble altar of Elyvilon.
  3776 | D:5      | Noticed Edmund
  3805 | D:5      | Killed Edmund
  3805 | D:5      | Reached skill level 9 in Axes
  4112 | D:5      | Reached skill level 1 in Bows
  4369 | D:5      | Found a shimmering altar of Xom.
  4385 | D:5      | Found a radiant altar of Vehumet.
  4407 | D:5      | Noticed Pikel
  4634 | D:5      | Found a deep blue altar of Sif Muna.
  4798 | D:5      | Noticed Duvessa
  4811 | D:5      | Killed Duvessa
  4811 | D:5      | Reached **** piety under Trog
  4831 | D:5      | Noticed Dowan
  4843 | D:5      | Killed Pikel
  4843 | D:5      | Reached XP level 9. HP: 60/79 MP: 8/8
  4851 | D:5      | Killed Dowan
  4851 | D:5      | Reached skill level 10 in Axes
  5354 | D:6      | Found a blossoming altar of Fedhas.
  6576 | D:7      | Reached skill level 5 in Bows
  6921 | D:7      | Found a runed door.
  6926 | D:7      | Noticed Crazy Yiuf
  6929 | D:7      | Killed Crazy Yiuf
  7017 | D:8      | Noticed a two-headed ogre
  7027 | D:8      | Killed a two-headed ogre
  7027 | D:8      | Reached XP level 10. HP: 89/89 MP: 9/9
  7223 | D:8      | Noticed a two-headed ogre
  7401 | D:8      | Noticed a two-headed ogre
  7411 | D:8      | Killed a two-headed ogre
  7836 | D:8      | Noticed Psyche
  7843 | D:8      | Killed Psyche
  7843 | D:8      | Reached skill level 11 in Axes
  7859 | D:8      | Paralysed by a hornet for 1 turns
  7869 | D:8      | Slain by a two-headed ogre

Vault maps used:
D:1:      onia_arrival_mini_spirals, minivault_26, hex_large
D:2:      makhleb_grotto_becter, first_bread
D:3:      chequers_temple_overflow_statue_of_worship, uniq_robin, uniq_grinder,
          uniq_jessica
D:4:      minmay_temple_entry_large_hall
D:5:      xom_butterflies, elyvilon_altar_1, old_standard_altar,
          lemuel_blue_sif_altar, uniq_ijyb, uniq_pikel, uniq_duvessa,
          uniq_edmund, uniq_eustachio
D:6:      fedhas_altar_1
D:7:      the_bakery, grunt_ministairs_15, uniq_crazy_yiuf_cottage
D:8:      hangedman_decor_opposing, kennysheep_generic_room_16, uniq_psyche

Skill      XL: |  1  2  3  4  5  6  7  8  9 10 |
---------------+-------------------------------+-----
Fighting       | 4 5 6 7 8 |  8.8
Axes           | 4 5 6 7 8 9 10 11 | 11.1
Dodging        | 3 4 |  4.9
Armour         | 3 5 7 8 9 |  9.3
Stealth        | 1 2 |  2.0
Bows           | 1 6 7 |  7.5

Action                   |  1- 3 |  4- 6 |  7- 9 | 10-12 || total
-------------------------+-------+-------+-------+-------++-------
Melee: Hand axe          |    45 |   131 |   247 |       ||   423
       Headbutt          |    10 |    21 |    82 |     7 ||   120
       War axe           |       |       |    63 |    39 ||   102
 Fire: Shortbow          |       |       |    84 |    27 ||   111
Invok: Berserk           |       |     1 |     5 |     2 ||     8
       Brothers in Arms  |       |       |       |     1 ||     1
  Use: Scroll            |       |       |     2 |     5 ||     7
  Eat: Chunk             |       |     7 |    15 |     5 ||    27
       Royal jelly       |       |       |     1 |       ||     1
Armor: Animal skin       |     8 |       |       |       ||     8
       Ring mail         |       |    44 |    60 |       ||   104
       Chain mail        |       |       |    72 |    20 ||    92
Dodge: Dodged            |    30 |    71 |   157 |    22 ||   280
